 Dungeon Crawl Stone Soup version 0.17.0-18-gaab0e96 (console) character file.

14 gw the Charlatan (level 2, 0/21 HPs)
             Began as a Human Artificer on Nov 11, 2015.
             Slain by a hobgoblin
             ... wielding a +0 club
              (1 damage)
             ... on level 1 of the Dungeon.
             The game lasted 00:00:36 (513 turns).

gw the Charlatan (Human Artificer)                   Turns: 513, Time: 00:00:37

Health: 0/21       AC:  3    Str: 11    XL:     2   Next: 55%
Magic:  4/4        EV: 12    Int: 12    God:
Gold:   4          SH:  0    Dex: 13    Spells: 0 memorised, 1 level left

rFire  . . .     SeeInvis .     a - +0 short sword
rCold  . . .     Clarity  .     b - +0 leather armour
rNeg   . . .     SustAt   .     (no shield)
rPois  .         Gourm    .     (no helmet)
rElec  .         Spirit   .     (no cloak)
rCorr  .         Warding  .     (no gloves)
rMut   .         Stasis   .     (no boots)
MR     .....                    (no amulet)
Stlth  +.........               (no ring)
                                (no ring)

@: not resistant to hostile enchantments, very unstealthy
A: no striking features
a: no special abilities


You were on level 1 of the Dungeon.
You were not hungry.

You visited 1 branch of the dungeon, and saw 1 of its levels.

You collected 4 gold pieces.

Inventory:

Hand Weapons
 a - a +0 short sword (weapon)
Missiles
 g - 22 stones (quivered)
Armour
 b - a +0 leather armour (worn)
Wands
 c - a wand of flame (15)
 d - a wand of enslavement (15)
 e - a wand of random effects (15)
Comestibles
 f - a bread ration


   Skills:
 * Level 1.5 Fighting
 - Level 1.0 Short Blades
 + Level 0.0 Throwing
 + Level 0.6 Armour
 - Level 2.0 Dodging
 - Level 1.0 Stealth
 + Level 3.3 Evocations


You had one spell level left.
You didn't know any spells.

Dungeon Overview and Level Annotations

Branches:
Dungeon (1/15)

Altars:


Message History

Unknown command.
Unknown command.
Unknown command.
MOVING TO (-1,6)
You see here a stone.
Unknown command.
Unknown command.
Unknown command.
MOVING TO (-1,5) Unknown command.
Unknown command.
Unknown command.
MOVING TO (-1,4) Unknown command.
Unknown command.
Unknown command.
FLEEEEING!
MOVING TO (-7,-3)
The hobgoblin hits you with a club.
You die...

.. #.# #...###.######
#### .
#....(......#######...
!.#.####.####......##.#
#.. #.# #.........#
....## #%# #...#..%..#
#...##(#####.##.###.##
#..(.(g....#.#..# #..#
#..#..p.###.....#####..
##..## ##.#........
##.# #...######. ...
#.## #. .... ## #.....
###### #


You could see a hobgoblin.

Table legend:
 A = Turns spent in this place as a percentage of turns spent in the entire game.
 B = Non-inter-level travel turns spent in this place as a percentage of non-inter-level travel turns spent in the entire game.
 C = Inter-level travel turns spent in this place as a percentage of turns spent in this place.
 D = Turns resting spent in this place as a percentage of non-inter-level travel turns spent in this place.
 E = Turns spent auto-exploring this place as a percentage of non-inter-level travel turns spent in this place.
 F = Non-inter-level travel turns spent in this place divided by the number of levels of this place that you've seen.
                   A       B       C       D       E      F
               +-------+-------+-------+-------+-------+----------------------
         Total | 100.0 | 100.0 |   0.0 |   0.9 |   1.5 | 887.0
       Dungeon | 100.0 | 100.0 |   0.0 |   0.9 |   1.5 | 887.0
               +-------+-------+-------+-------+-------+----------------------

Table legend:
 A = Kills in this place as a percentage of kills in entire the game.
 B = Kills by you in this place as a percentage of kills by you in the entire game.
 C = Kills by friends in this place as a percentage of kills by friends in the entire game.
 D = Other kills in this place as a percentage of other kills in the entire game.
 E = Experience gained in this place as a percentage of experience gained in the entire game.
 F = Experience gained in this place divided by the number of levels of this place that you have seen.
                   A       B       C       D       E      F
               +-------+-------+-------+-------+-------+----------------------
         Total | 100.0 | 100.0 |  -nan |  -nan | 100.0 |  20.0
       Dungeon | 100.0 | 100.0 |  -nan |  -nan | 100.0 |  20.0
               +-------+-------+-------+-------+-------+----------------------

Vanquished Creatures
  A giant cockroach (D:1)
  2 hobgoblins (D:1)
  3 jackals (D:1)
  3 bats (D:1)
  A giant newt (D:1)
  2 rats (D:1)
12 creatures vanquished.

Notes
Turn   | Place    | Note
--------------------------------------------------------------
     0 | D:1      | gw the Human Artificer began the quest for the Orb.
     0 | D:1      | Reached XP level 1. HP: 15/15 MP: 3/3
   129 | D:1      | Reached XP level 2. HP: 4/21 MP: 4/4
   508 | D:1      | HP: 1/21 [hobgoblin/club (3)]
   513 | D:1      | Slain by a hobgoblin

Action                   || total
-------------------------++-------
Melee: Short sword       ||    69
Throw: Stone             ||     3
       Tomahawk          ||     2

Vault maps used:
D:1:      saegor_arrival_simple_e
